 Dungeon Crawl Stone Soup version 0.29.1-15-g9cfb28693d (webtiles) character file.

Game seed: 6836866729516824582

37 dudediamond6 the Sneak (level 3, -4/24 HPs)
             Began as an Octopode Brigand on Mar 19, 2023.
             Slain by a goblin
             ... wielding a +0 club
             ... led by Robin
              (6 damage)
             ... on level 2 of the Dungeon.
             The game lasted 00:00:55 (930 turns).

dudediamond6 the Sneak (Octopode Brigand)            Turns: 930, Time: 00:00:56

Health: -4/24      AC:  1    Str: 10    XL:     3   Next: 41%
Magic:  3/3        EV: 12    Int: 13    God:
Gold:   27         SH:  0    Dex: 15    Spells: 2/2 levels left

rFire   . . .      SeeInvis .   a - +2 dagger
rCold   . . .      Faith    .   (no shield)
rNeg    . . .      Spirit   .   (helmet restricted)
rPois   .          Reflect  .   (no amulet)
rElec   .          Harm     .   e - ring of resist corrosion
rCorr   +          Rampage  .   (no ring)
Will    .....                   (no ring)
Stlth   ++++......              (no ring)
HPRegen 0.08/turn               (no ring)
MPRegen 0.08/turn               (no ring)
                                (no ring)
                                (no ring)

@: no status effects
A: almost no armour, amphibious, 8 rings, camouflage 1, gelatinous body 1,
(nimble swimmer 1), tentacles
a: no special abilities


You were on level 2 of the Dungeon.
You visited 1 branch of the dungeon, and saw 2 of its levels.

You collected 27 gold pieces.

Inventory:

Hand Weapons
 a - a +2 dagger (weapon)
Missiles
 b - 9 poisoned darts (quivered)
 c - 3 curare-tipped darts
Jewellery
 e - a ring of resist corrosion (left tentacle)
Scrolls
 d - a scroll of magic mapping {unknown}
 i - a scroll of enchant armour {unknown}
 j - a scroll of fear {unknown}
Potions
 f - a potion of berserk rage {unknown}
 g - a potion of haste {unknown}
 h - a potion of attraction {unknown}
 k - a potion of magic {unknown}


   Skills:
 * Level 2.3 Fighting
 * Level 2.4 Short Blades
 - Level 2.0 Throwing
 - Level 1.0 Dodging
 + Level 6.4 Stealth


You had 2 spell levels left.
You didn't know any spells.
Your spell library was empty.

Dungeon Overview and Level Annotations

Branches:
Dungeon (2/15)

Altars:

Annotations:
D:2 Robin


Innate Abilities, Weirdness & Mutations

You cannot wear most types of armour.
You are amphibious.
You can wear up to eight rings at the same time.
Your skin changes colour to match your surroundings (Stealth+).
Your rubbery body absorbs attacks. (AC +1, EV +1)
((You are camouflaged when in or above water. (Stealth+)))
You have tentacles for arms and can constrict up to eight enemies at once.


Message History

The helpless kobold fails to defend itself.
You perforate the kobold like a sieve!!!
You kill the kobold!
You hit the quokka. Your grab misses the quokka.
The quokka is heavily wounded.
The quokka barely misses you.
You hit the quokka.
You kill the quokka! 2 goblins come into view.
A hobgoblin comes into view.
The helpless ball python fails to defend itself.
You impale the ball python!!
You kill the ball python!
A hobgoblin comes into view.
Robin of the Strong Arm comes into view.
They are wielding a +0 dagger of speed. 3 goblins come into view.
The goblin shouts!
The hobgoblin shouts!
The goblin barely misses you.
The hobgoblin shouts!
The goblin shouts!
You barely miss the goblin.
The goblin shouts! x2
Your grab misses the goblin. The goblin closely misses you.
You barely miss the goblin. Your grab misses the goblin.
The goblin hits you with a +0 dagger.
Robin roars a battlecry!
The goblins go into a battle-frenzy!
You barely miss the goblin. You grab the goblin. You constrict the goblin.
The goblin hits you with a +0 dagger. Robin throws the goblin at you!
You hit the goblin.
You kill the goblin!
Robin throws the goblin at you! The goblin closely misses you.
The hobgoblin hits you. The goblin misses you.
You are too injured to fight recklessly!
The hobgoblin attacks as you move away! The hobgoblin hits you.
The hobgoblin attacks as you move away! The hobgoblin hits you.
* * * LOW HITPOINT WARNING * * *
The goblin hits you with a +0 dagger.
* * * LOW HITPOINT WARNING * * *
The goblin hits you with a +0 club.
You die...

#.........#
..........#
#........<#
..........#
......)†..#### .
..#......#...#...
###........$...
.##......†......
......g@g.....##
##.....gg.....#
...#...)g....##
........#...##
#####...#####
###g# #.# #g# ...


You could see Robin, 2 hobgoblins and 4 goblins.

Vanquished Creatures
  A gnoll (D:1)
  A dart slug (D:1)
  2 endoplasms (D:1)
  A goblin (D:2)
  2 hobgoblins (D:1)
  6 kobolds
  4 quokkas
  3 ball pythons
  2 bats (D:1)
  A frilled lizard (D:1)
  2 rats (D:1)
25 creatures vanquished.

Vanquished Creatures (others)
  3 demonic plants (D:1)
3 creatures vanquished.

Grand Total: 28 creatures vanquished

Notes
Turn   | Place    | Note
-------+----------+-------------------------------------------
     0 | D:1      | dudediamond6 the Octopode Brigand began the quest for the
                  | Orb.
     0 | D:1      | Reached XP level 1. HP: 14/14 MP: 1/1
   187 | D:1      | Reached XP level 2. HP: 19/19 MP: 2/2
   189 | D:1      | Reached skill level 6 in Stealth
   242 | D:1      | Found a faded altar of an unknown god.
   384 | D:1      | Reached XP level 3. HP: 21/24 MP: 3/3
   924 | D:2      | Noticed Robin
   930 | D:2      | Slain by a goblin

Illustrated notes

Levels and vault maps discovered:
D:1:      saegor_arrival_fortress, layout_loops_ring,
          shapermc_ecumenical_altar_gd, minmay_misc_feat_doors,
          minmay_tiny_reverse_x
D:2:      layout_rooms, uniq_crazy_yiuf_cottage, uniq_robin

Skill      XL: |  1  2 |
---------------+-------+-----
Stealth        | 6 |  6.4
Fighting       | |  2.3
Short Blades   | |  2.4
Throwing       | |  2.0
Dodging        | |  1.0

Action                   || total
-------------------------++-------
Melee: Dagger            ||    44
       Constrict         ||     7
       Tentacles         ||     2
 Stab: Sleeping          ||    13
Armor: Skin              ||     3
Dodge: Dodged            ||    17
